Map: Cerulean Fall LE

Players

Bon - Winner!

  • Race: Zerg Zerg
  • League: Silver
  • Spawn Location: 7:00

Mesrob

  • Race: Terran Terran
  • League: Gold
  • Spawn Location: 1:00

VOD

Have the link to the VOD?

Description

Time

  • Played on: Jan. 21, 2019, 1:24 p.m.
  • Length: 25:54
Show
View Real Time Build Order
Export as new Build Order

Bon Zerg - Winner!

Build Orders: Hatch First 

Get SALT Encoding   

  12  0:01  Drone  
  13  0:12  Overlord  
  13  0:27  Drone  
  14  0:40  Drone x3  
  17  0:57  Drone  
  17  1:00  Hatchery  
  17  1:03  Extractor  
  16  1:05  Drone  
  17  1:19  Spawning Pool  
  17  1:21  Drone  
  17  1:28  Drone  
  18  1:34  Drone  
  19  1:44  Overlord  
  19  2:06  Zergling x2  
  19  2:07  Zergling x2  
  19  2:08  Metabolic Boost, Queen  
  23  2:13  Drone  
  24  2:18  Drone  
  25  2:28  Drone x2  
  27  2:38  Drone  
  28  2:49  Drone  
  29  2:54  Queen  
  31  3:02  Overlord  
  31  3:03  Drone x3  
  34  3:16  Drone x2, Roach Warren  
  34  3:17  Evolution Chamber  
  34  3:22  Drone  
  35  3:29  Drone  
  35  3:30  Drone x3  
  39  3:38  Drone x2  
  41  3:44  Overlord  
  41  3:48  Overlord  
  41  3:53  Zerg Missile Weapons Level 1  
  40  3:58  Extractor  
  39  4:04  Lair  
  39  4:17  Drone x2, Overlord  
  39  4:18  Roach  
  39  4:19  Roach  
  45  4:33  Roach  
  45  4:34  Roach  
  45  4:36  Roach  
  45  4:38  Overlord x2  
  51  4:40  Roach  
  51  4:41  Drone x3  
  56  4:46  Extractor, Drone  
  56  5:02  Roach x3  
  62  5:17  Roach x3  
  68  5:25  Drone x2  
  68  5:26  Drone  
  71  5:31  Roach x4  
  71  5:34  Ravager  
  80  5:37  Roach  
  82  5:48  Glial Reconstitution  
  82  5:52  Roach  
  83  6:05  Overlord x4  
  83  6:06  Overlord  
  83  6:13  Overlord x2  
  83  6:17  Overseer x2  
  83  6:23  Ravager  
  83  6:25  Ravager  
  85  6:27  Roach  
  85  6:28  Overlord x2  
  85  6:29  Roach  
  85  6:31  Drone x3  
  85  6:32  Drone  
  93  6:44  Queen x2  
  93  6:45  Hatchery  
  93  6:46  Extractor, Roach x2  
  99  7:02  Ravager x2  
  99  7:05  Roach x4  
  109  7:09  Roach  
  111  7:20  Roach  
  111  7:21  Roach x3  
  119  7:35  Zerg Ground Armor Level 1  
  103  7:52  Ravager x2  
  103  7:57  Roach x3  
  103  7:58  Roach  
  113  8:06  Roach x3  
  110  8:18  Roach x6  
  114  8:40  Roach  
  114  8:41  Roach x6  
  122  8:42  Roach x2  
  126  9:02  Ravager x3  
  129  9:07  Drone x8  
  137  9:10  Drone  
  138  9:21  Spire  
  137  9:32  Extractor  
  137  9:34  Drone x3  
  137  9:35  Extractor, Drone x2  
  137  9:36  Roach x3  
  137  9:37  Roach x2  
  150  9:45  Overseer  
  150  9:51  Pneumatized Carapace  
  150  10:00  Roach x2  
  150  10:01  Roach x4  
  162  10:40  Overlord x2  
  162  10:41  Hatchery, Overlord x3  
  161  10:44  Overlord x3  
  157  11:09  Mutalisk x7  
  157  11:10  Mutalisk x4  
  179  11:12  Mutalisk  
  94  11:50  Roach  
  94  11:51  Roach x14  
  116  11:57  Roach  
  116  11:58  Roach x6  
  130  12:04  Zerg Missile Weapons Level 2  
  128  12:27  Roach x11  
  144  12:45  Roach  
  144  12:46  Roach x7  
  144  12:51  Roach x4  
  98  13:06  Roach x6  
  83  13:23  Roach  
  83  13:24  Roach x5  
  93  13:28  Roach  
  93  13:34  Queen  
  95  13:38  Roach x2  
  99  13:42  Roach x2  
  85  14:11  Roach  
  85  14:12  Roach x11  
  97  14:21  Roach x3  
  91  14:52  Hatchery  
  90  15:08  Zerg Flyer Weapons Level 1, Hydralisk Den  
  89  15:23  Roach  
  89  15:24  Roach x17  
  125  15:38  Hydralisk  
  125  15:39  Hydralisk x2  
  131  15:44  Overseer x2  
  131  15:45  Overseer  
  131  15:46  Overlord x3  
  131  15:50  Hydralisk x5  
  131  15:51  Hydralisk x2  
  145  16:11  Hydralisk  
  145  16:12  Hydralisk x5  
  145  16:14  Roach x2  
  145  16:15  Roach x5  
  171  16:21  Grooved Spines, Lurker Den  
  171  16:22  Zerg Ground Armor Level 2  
  170  16:43  Hydralisk  
  170  16:44  Hydralisk x7  
  186  16:48  Roach x2  
  190  17:32  Muscular Augments  
  138  18:35  Hydralisk x15  
  138  18:36  Hydralisk x16  
  190  19:04  Lurker x2  
  190  19:05  Lurker x2  
  178  19:23  Extractor  
  177  19:28  Extractor  
  176  19:33  Hatchery  
  147  20:03  Roach x3  
  147  20:04  Roach x17  
  123  20:40  Zergling x2  
  123  20:41  Zergling x22  
  135  21:01  Drone  
  135  21:02  Drone x3  
  139  21:05  Zergling x8  
  143  21:36  Overseer  
  143  21:37  Overseer  
  143  22:09  Hatchery  
  142  22:20  Infestation Pit  
  141  22:23  Hydralisk x4  
  141  22:24  Hydralisk x20  
  141  22:25  Zergling x2  
  141  22:26  Roach  
  141  22:27  Zergling x2  
  193  23:00  Hive  
  193  24:40  Extractor  
  193  24:44  Extractor  
  191  24:46  Ultralisk Cavern  
  121  25:19  Viper  
  109  25:22  Hydralisk, Roach x4  
  109  25:23  Hydralisk x18, Roach  
  109  25:25  Zergling x2  
  109  25:26  Zergling x28  
Show
View Real Time Build Order
Export as new Build Order

Mesrob Terran 

Build Orders: Mech 

Get SALT Encoding   

  12  0:01  SCV  
  13  0:16  Supply Depot  
  13  0:18  SCV  
  14  0:30  SCV  
  15  0:41  Barracks  
  16  0:42  SCV  
  16  0:47  Refinery  
  16  0:55  SCV  
  17  1:07  SCV  
  18  1:19  SCV  
  19  1:31  Orbital Command  
  19  1:42  Marine, Command Center  
  20  1:57  Bunker  
  20  2:07  SCV  
  21  2:15  Factory  
  21  2:16  Barracks Tech Lab  
  21  2:28  Supply Depot  
  21  2:48  SCV  
  21  2:49  Refinery  
  21  2:50  Supply Depot  
  22  3:00  SCV  
  22  3:03  Engineering Bay  
  22  3:05  Siege Tank  
  26  3:06  Marine  
  26  3:10  Orbital Command  
  26  3:12  SCV  
  28  3:30  Supply Depot  
  28  3:37  Siege Tank  
  31  3:43  Missile Turret  
  31  3:49  SCV  
  31  3:54  Missile Turret  
  32  3:58  Missile Turret  
  32  4:01  SCV  
  33  4:02  Marine  
  33  4:06  SCV  
  35  4:18  Missile Turret, SCV  
  35  4:20  Missile Turret  
  36  4:25  Siege Tank  
  39  4:32  SCV  
  39  4:33  Refinery, SCV  
  41  4:40  Missile Turret  
  41  4:50  Armory  
  41  4:57  Siege Tank  
  44  5:03  Missile Turret  
  44  5:12  Factory  
  44  5:15  Factory  
  44  5:23  SCV  
  44  5:25  SCV  
  46  5:34  Refinery  
  46  5:35  SCV  
  47  5:37  SCV  
  47  5:41  Thor  
  54  5:43  Command Center  
  54  5:55  Sensor Tower  
  54  5:57  SCV  
  54  6:00  SCV  
  56  6:06  Marine  
  56  6:08  Factory Reactor  
  56  6:09  Factory Reactor, SCV  
  58  6:29  Sensor Tower  
  58  6:30  SCV x2  
  60  6:42  SCV x2  
  62  7:03  Hellbat  
  62  7:04  Hellbat  
  62  7:05  Hellbat, Hellion, Thor  
  76  7:21  Factory, SCV  
  77  7:34  Supply Depot  
  77  7:35  Supply Depot  
  77  7:38  Terran Vehicle Weapons Level 1  
  77  7:40  SCV  
  77  7:43  Hellbat, SCV  
  77  7:55  SCV x2  
  77  7:56  Hellbat  
  77  7:57  Thor  
  87  7:58  Supply Depot  
  87  8:00  Supply Depot  
  87  8:07  SCV  
  88  8:19  Hellbat, SCV  
  91  8:20  Hellbat  
  91  8:21  Factory Tech Lab, Supply Depot  
  91  8:25  Supply Depot  
  91  8:28  Factory  
  91  8:37  SCV x2  
  91  8:39  Thor  
  99  8:45  Supply Depot  
  97  8:52  Hellion  
  97  8:59  Thor  
  97  9:01  Hellbat x4  
  109  9:25  Factory Tech Lab  
  109  9:27  Factory  
  109  9:31  Thor  
  115  9:32  Terran Vehicle And Ship Armor Level 1  
  115  9:36  Hellbat x2  
  115  9:37  Hellbat x2  
  123  9:49  Supply Depot  
  123  9:50  Supply Depot  
  123  9:54  Supply Depot  
  123  10:12  Supply Depot  
  123  10:13  Supply Depot  
  123  10:17  Factory Reactor  
  123  10:18  Supply Depot  
  123  10:25  Thor  
  123  10:26  Factory, Thor x2  
  123  10:28  Hellbat x3  
  147  10:29  Hellbat  
  149  10:36  Supply Depot  
  149  10:38  Supply Depot  
  149  11:22  Thor x3  
  167  11:25  Terran Vehicle Weapons Level 2  
  164  11:35  Hellbat x4  
  129  11:59  Hellbat x3  
  129  12:00  Hellbat x3  
  141  12:04  Thor  
  106  13:08  Factory Reactor  
  106  13:09  Thor  
  106  13:11  Hellbat x4  
  106  13:12  Hellbat x2  
  92  13:33  Refinery  
  90  13:44  Thor  
  90  13:45  Thor  
  90  13:46  Hellbat x2  
  100  13:59  Refinery  
  84  14:13  Missile Turret  
  84  14:14  Missile Turret  
  84  14:16  Terran Vehicle And Ship Armor Level 2  
  59  14:41  Thor  
  65  15:01  Command Center  
  65  15:05  Thor  
  71  15:09  Hellbat  
  71  15:10  Hellbat  
  71  15:11  Hellbat  
  77  15:30  Thor  
  77  15:31  Thor  
  89  15:47  SCV x3  
  92  15:56  Thor  
  98  15:57  Hellbat  
  98  15:59  SCV x2  
  102  16:04  Hellbat  
  102  16:10  SCV  
  105  16:26  Thor  
  105  16:32  SCV  
  112  16:33  SCV  
  112  16:34  SCV  
  114  16:44  SCV  
  115  16:56  Thor  
  115  17:00  Terran Vehicle And Ship Armor Level 3  
  121  17:41  Refinery  
  121  17:43  Missile Turret  
  121  17:48  Sensor Tower  
  106  18:07  Refinery  
  106  18:12  Planetary Fortress  
  75  18:23  Thor  
  75  18:25  Hellbat x3  
  85  18:45  Hellbat  
  81  19:12  Orbital Command  
  81  19:17  Thor  
  87  19:37  Terran Vehicle Weapons Level 3  
  81  20:10  Command Center  
  49  20:51  SCV  
  50  20:59  SCV  
  50  21:03  SCV  
  52  21:11  SCV  
  53  21:15  SCV  
  53  21:16  Thor  
  60  21:23  SCV  
  61  21:27  SCV  
  62  21:33  Planetary Fortress  
  62  21:35  SCV  
  62  21:39  SCV  
  64  21:42  Marine  
  64  21:44  Command Center  
  65  21:47  SCV  
  65  21:51  SCV  
  67  21:59  Marine, SCV  
  69  22:03  SCV  
  70  22:09  Thor  
  70  22:11  Hellbat, SCV  
  70  22:13  Hellbat  
  82  22:15  SCV  
  82  22:16  Hellbat  
  84  22:40  Thor  
  84  22:41  Hellbat x2  
  84  22:42  Hellbat  
  96  22:45  Hellbat  
  96  22:51  SCV x2  
  99  22:57  Refinery  
  100  22:59  Planetary Fortress  
  100  23:03  SCV x3  
  102  23:15  SCV x2  
  103  23:32  Hellbat, Thor  
  103  23:33  Hellbat x2  
  102  24:04  Command Center  
  102  24:06  SCV x3  
  102  24:09  Hellbat x2  
  109  24:18  Sensor Tower, SCV  
  110  24:45  SCV  
  111  24:48  SCV  
  111  24:49  SCV  
  113  24:57  SCV  
  110  25:00  SCV  
  73  25:15  Hellbat x3  
Tags
 
Composition
Mech
Matchup
TvZ
Replay Pack
sc2 replays
Spawn Locations
Cross Positions
Add a new tag
Caveats
  • Supply blocks, unpowered buildings, or Contaminate may cause inaccurate times.
  • Supply counts are checked every 10 seconds.